 Dungeon Crawl Stone Soup version 0.29.0-15-g675c0067aa (webtiles) character file.

Game seed: 8761404768007612290

27 pacmanke6689 the Covered (level 3, -1/24 HPs)
             Began as a Gargoyle Fighter on Sept 11, 2022.
             Was an Initiate of Ru.
             Slain by a kobold
             ... wielding a +2 whip of distortion
              (21 damage)
             ... on level 1 of the Dungeon.
             The game lasted 00:03:58 (1040 turns).

pacmanke6689 the Covered (Gargoyle Fighter)         Turns: 1040, Time: 00:03:58

Health: -1/24      AC: 10    Str: 21    XL:     3   Next: 10%
Magic:  3/3        EV:  9    Int:  8    God:    Ru [......]
Gold:   41         SH:  4    Dex:  9    Spells: 2/2 levels left

rFire   . . .      SeeInvis .   a - +0 flail (flame)
rCold   . . .      Faith    .   c - +0 buckler
rNeg    + . .      Spirit   .   b - +0 scale mail
rPois   ∞          Reflect  .   (no helmet)
rElec   +          Harm     .   (no cloak)
rCorr   .          Rampage  .   (no gloves)
Will    .....                   (no boots)
Stlth   ..........              (no amulet)
HPRegen 0.08/turn               (no ring)
MPRegen 0.08/turn               (no ring)

@: no status effects
A: sickness immunity, AC +3, negative energy resistance 1, electricity
resistance, torment resistance 1, petrification resistance, no stealth
a: Renounce Religion


You were on level 1 of the Dungeon.
You worshipped Ru.
Ru was noncommittal.
You visited 1 branch of the dungeon, and saw 1 of its levels.

You collected 41 gold pieces.

Inventory:

Hand Weapons
 a - a +0 flail of flaming (weapon)
Armour
 b - a +0 scale mail (worn)
 c - a +0 buckler (worn)
Potions
 d - a potion of might
 e - a potion of lignification {unknown}
 f - a potion of haste


   Skills:
 + Level 3.7 Fighting
 + Level 2.2 Maces & Flails
 + Level 3.8 Armour
 + Level 3.5 Shields


You had 2 spell levels left.
You didn't know any spells.
Your spell library contained the following spells:

 Spells                   Type           Power      Damage    Failure   Level
 Iskenderun's Battlesphe  Conj           0%         2d6       100%        5
 Iron Shot                Conj/Erth      0%         9d1       100%        6
 Spellforged Servitor     Conj/Summ      0%         N/A       100%        7


Dungeon Overview and Level Annotations

Branches:
Dungeon (1/15)

Altars:
Ru


Innate Abilities, Weirdness & Mutations

You are immune to sickness and miasma.
Your stone body is resilient. (AC +3)
You are immune to poison.
You resist negative energy. (rN+)
You are resistant to electric shocks. (rElec)
You are resistant to unholy torment.
You are immune to petrification.
You cannot be stealthy.


Message History

Found 8 gold pieces and a mace.
A rat is nearby!
The rat closely misses you.
You sock the rat! You burn the rat.
You kill the rat!
Found a club.
An endoplasm comes into view.
The endoplasm quivers.
The endoplasm moves out of view.
An endoplasm is nearby!
An endoplasm is nearby!
You completely miss the endoplasm. The endoplasm misses you.
You completely miss the endoplasm.
The endoplasm hits you but does no damage.
You hit the endoplasm. You burn the endoplasm.
The endoplasm is almost dead.
The endoplasm hits you but does no damage.
The endoplasm hits you.
You hit the endoplasm. You burn the endoplasm.
You kill the endoplasm!
You now have 34 gold pieces (gained 8).
You now have 41 gold pieces (gained 7).
You see here a +0 mace.
An endoplasm comes into view.
The endoplasm quivers.
An endoplasm is nearby!
You hit the endoplasm. You burn the endoplasm.
The endoplasm is heavily wounded.
The endoplasm freezes you.
You are frozen.
You hit the endoplasm. You burn the endoplasm.
You kill the endoplasm!
A kobold comes into view. It is wielding a +2 whip of distortion.
The kobold shouts!
The kobold throws a stone.
The stone hits you but does no damage.
You barely miss the kobold. The kobold hits you but does no damage.
You closely miss the kobold. The kobold hits you but does no damage.
Space warps horribly around you!!
Ouch! That really hurt!
You die...

###+#.#.# ..... .... #.#.#
..... ##### # #.#.# .....
#. #.#.#### ....#
#.#####+#...... ## #
#............# #
#............+ #
#........K...# #
##........@...# #..... #.#
..............###...... #.#
#.....#...............# #.#
#.......####..........# #.#
#.....#.#)#...........# #.#
#.....##.#.##.........###.#
#.....#)###.#.............#
#.....##.#.##............†.
#.......#.#.#.....†........


You could see a kobold.

Vanquished Creatures
  5 bats (D:1)
  5 endoplasms (D:1)
  A giant cockroach (D:1)
  2 goblins (D:1)
  2 kobolds (D:1)
  A quokka (D:1)
  4 ball pythons (D:1)
  A frilled lizard (D:1)
  3 rats (D:1)
24 creatures vanquished.

Notes
Turn   | Place    | Note
-------+----------+-------------------------------------------
     0 | D:1      | pacmanke6689 the Gargoyle Fighter began the quest for the
                  | Orb.
     0 | D:1      | Reached XP level 1. HP: 14/14 MP: 1/1
   213 | D:1      | Reached XP level 2. HP: 19/19 MP: 2/2
   822 | D:1      | Found a faded altar of an unknown god.
   858 | D:1      | Prayed at the altar of an unknown god.
   858 | D:1      | Became a worshipper of Ru the Awakened
   862 | D:1      | Gained mutation: You cannot be stealthy. [Ru sacrifice]
   959 | D:1      | Reached XP level 3. HP: 24/24 MP: 3/3
  1040 | D:1      | Slain by a kobold

Illustrated notes

Levels and vault maps discovered:
D:1:      matt_arrival_grand_opening, layout_basic,
          ebering_ecumenical_altar_ruins, minmay_hexomino_f4

Action                   || total
-------------------------++-------
Melee: Flail             ||    61
Invok: Sacrifice Stealth ||     1
  Use: Scroll            ||     3
Armor: Scale mail        ||    30
Dodge: Dodged            ||    32
Block: Buckler           ||    16
